[Event "*** Titled Tuesday Blitz"]
[Site "Chess.com"]
[Date "2020.04.14"]
[Round "5"]
[White "DucksParadise"]
[Black "Falia-p"]
[Result "0-1"]
[WhiteElo "2104"]
[BlackElo "2327"]
[TimeControl "180+1"]
[EndTime "10:48:15 PDT"]
[Termination "Falia-p won by resignation"]

1. e4 c6 2. d4 d5 3. e5 c5 4. dxc5 e6 5. a3 Bxc5 6. Nf3 Ne7 7. b4 Bb6 8. Bb2 a5 9. b5 Nd7 10. Bd3 Nc5 11. O-O Ng6 12. Re1 a4 13. c4 dxc4 14.
Bxc4 Qxd1 15. Rxd1 O-O 16. Nc3 Bd7 17. Ne4 Nxe4 18.
Rxd7 Bxf2+ 19. Kf1 Be3 20. Rxb7 Rac8 21. Bd3 Nc5 0-1

[Event "*** Titled Tuesday Blitz"]
[Site "Chess.com"]
[Date "2020.04.14"]
[Round "5"]
[White "Vamostodorecto"]
[Black "Ovsiannikov_Maxim"]
[Result "1-0"]
[WhiteElo "2504"]
[BlackElo "2220"]
[TimeControl "180+1"]
[EndTime "10:48:20 PDT"]
[Termination "Vamostodorecto won by checkmate"]

1. d4 d5 2. c4 Nc6 3. Nf3 Bg4 4. Qa4 Bxf3 5. exf3 dxc4 6. Bxc4 Qxd4 7. Nc3 e6 8. Be3 Qf6 9. Ba6 Bb4 10. O-O Bxc3 11.
bxc3 Ne7 12. Bxb7 O-O 13. Bxc6 Rab8 14. Be4 Qxc3 15. Bxa7 Rb4 16. Qc2 Qxc2 17. Bxc2 Ra8 18. Bc5 Rb2 19. Bxe7 Rxc2 20. a3 f6 21. Rac1 Rxc1 22.
Rxc1 Kf7 23. Rxc7 Rb8 24. Bb4+ Kg6 25. g3 h5 26. Kg2 h4 27. f4 Rb5 28. Bf8 Kf5 29.
Rxg7 Rb8 30. Bb4 Rh8 31. Kf3 h3 32. g4# 1-0

[Event "*** Titled Tuesday Blitz"]
[Site "Chess.com"]
[Date "2020.04.14"]
[Round "5"]
[White "Maghalashvili"]
[Black "Ar4uha"]
[Result "0-1"]
[WhiteElo "2855"]
[BlackElo "2654"]
[TimeControl "180+1"]
[EndTime "10:48:28 PDT"]
[Termination "Ar4uha won by resignation"]

1. Nf3 Nf6 2. g3 e6 3. Bg2 d5 4. O-O Be7 5. c4 O-O 6. b3 c5 7. cxd5 Nxd5 8. Bb2 Bf6 9. d4 cxd4 10. Nxd4 Nc6 11.
Nxc6 bxc6 12. Bxf6 Qxf6 13. Na3 Ba6 14. Rc1 Nc3 15. Rxc3 Qxc3 16. Bf3 Rfd8 17. Qb1 Rd2 18. Rc1 Qb2 19. Qxb2 Rxb2 20. Rxc6 Bb7 21. Rd6 Bxf3 22. exf3 Rxa2 23. Nc4 g6 24. Rd7 a5 25. Kg2 Rc8 26. Ne5 Rf8 27. Ra7 Ra3 28. Nd7 Rd8 29. Ne5 Rf8 30. Nd7 Rd8 31. Ne5 Rd2 32. Nc4 Rda2 33. Nxa3 Rxa3 34. h4 Rxb3 35. Rxa5 h5 0-1

[Event "*** Titled Tuesday Blitz"]
[Site "Chess.com"]
[Date "2020.04.14"]
[Round "5"]
[White "grandcoach"]
[Black "abubakrtagelsir"]
[Result "0-1"]
[WhiteElo "1853"]
[BlackElo "2283"]
[TimeControl "180+1"]
[EndTime "10:48:31 PDT"]
[Termination "abubakrtagelsir won by resignation"]

1. e4 d6 2. d4 Nf6 3. Nc3 g6 4. Bg5 Bg7 5. e5 dxe5 6. dxe5 Ng4 7. Qxd8+ Kxd8 8. Rd1+ Bd7 9. Nd5 Nc6 10. f4 h6 11.
Bh4 g5 12. Be2 gxh4 13. Bxg4 Bxg4 14. Nf3 Bxf3 15. gxf3 Kc8 16. Rg1 Bf8 17. b4 e6 18.
Nf6 Bxb4+ 19. Ke2 Be7 20. Rg7 Bxf6 21. exf6 Nd8 22. c4 a5 23. c5 Ra6 24. Kd3 Rc6 25. Kd4 b6 26. cxb6 Rd6+ 0-1

[Event "*** Titled Tuesday Blitz"]
[Site "Chess.com"]
[Date "2020.04.14"]
[Round "5"]
[White "michaelk123"]
[Black "Noukii"]
[Result "1-0"]
[WhiteElo "2470"]
[BlackElo "2686"]
[TimeControl "180+1"]
[EndTime "10:48:36 PDT"]
[Termination "michaelk123 won by resignation"]

1. e4 c5 2. Nf3 d6 3. d4 cxd4 4. Qxd4 Nf6 5. Bg5 Nc6 6. Bb5 Qa5+ 7. Nc3 Qxb5 8. Nxb5 Nxd4 9. Nfxd4 Nxe4 10. Nc7+ Kd8 11.
Nxa8 Nxg5 12. Nb5 a6 13. Nc3 b5 14. Nb6 Bb7 15. O-O e6 16. a4 Kc7 17. a5 Be7 18. Rfe1 d5 19. Nbxd5+ 1-0

[Event "*** Titled Tuesday Blitz"]
[Site "Chess.com"]
[Date "2020.04.14"]
[Round "5"]
[White "RovenVogel"]
[Black "cancrushyou"]
[Result "1-0"]
[WhiteElo "2619"]
[BlackElo "2428"]
[TimeControl "180+1"]
[EndTime "10:48:36 PDT"]
[Termination "RovenVogel won by resignation"]

1. Nf3 d5 2. g3 Nf6 3. Bg2 e6 4. O-O Be7 5. d4 O-O 6. c4 dxc4 7. Qc2 c6 8. Qxc4 b5 9. Qc2 Bb7 10. Rd1 Nbd7 11. Ne5 Nxe5 12. dxe5 Nd5 13. e4 Nb4 14. Qe2 Qc7 15. Nc3 Rfd8 16. Bf4 Rxd1+ 17. Rxd1 Rd8 18. a3 Na6 19. b4 Nb8 20. Rxd8+ Qxd8 21. Be3 a5 22. Qb2 axb4 23. axb4 Na6 24. Na2 Qd1+ 25. Bf1 Qa4 26. Bd2 Qd1 27. Nc3 Qf3 28. Be2 1-0

[Event "*** Titled Tuesday Blitz"]
[Site "Chess.com"]
[Date "2020.04.14"]
[Round "5"]
[White "GMSrinath"]
[Black "gmjoey1"]
[Result "1/2-1/2"]
[WhiteElo "2776"]
[BlackElo "2564"]
[TimeControl "180+1"]
[EndTime "10:48:37 PDT"]
[Termination "Game drawn by agreement"]

1. Nf3 Nf6 2. c4 c5 3. d4 cxd4 4. Nxd4 e6 5. g3 Qb6 6. Bg2 Bc5 7. e3 Nc6 8. Nc2 d5 9. cxd5 Nxd5 10. O-O O-O 11.
Nd2 Rd8 12. Qe2 Qc7 13. Ne4 Be7 14. Bd2 b6 15. Rac1 Bb7 16. Rfd1 Rac8 17. Nc3 Nxc3 18. Bxc3 Rxd1+ 19. Rxd1 Rd8 20. h4 Rxd1+ 21. Qxd1 Qd8 22. Qe2 Bf6 23. Bxf6 gxf6 24. Qc4 Ne5 25. Qd4 Qxd4 26. Nxd4 Bxg2 27. Kxg2 Kf8 28. b4 a6 29. f4 Nd3 30. a3 f5 31. Kf3 Nb2 32. Ke2 Nc4 33.
Nc2 h5 34. Kd3 Nd6 35. Nd4 Ne4 36. Ne2 Ke7 37. a4 Kd6 38. Kc4 Nd2+ 39. Kc3 Ne4+ 40.
Kc4 Nd2+ 1/2-1/2

[Event "*** Titled Tuesday Blitz"]
[Site "Chess.com"]
[Date "2020.04.14"]
[Round "5"]
[White "Promacherr"]
[Black "CalinGheorghiu"]
[Result "1-0"]
[WhiteElo "2610"]
[BlackElo "2347"]
[TimeControl "180+1"]
[EndTime "10:48:38 PDT"]
[Termination "Promacherr won by resignation"]

1. e4 e6 2. d4 d5 3. Nd2 c5 4. exd5 Qxd5 5. Ngf3 cxd4 6. Bc4 Qd6 7.
O-O Nf6 8. Nb3 Nc6 9. Nbxd4 Nxd4 10. Nxd4 a6 11. Re1 Qc7 12. Bf1 Bd6 13. Nf5 Bxh2+ 14. Kh1 Kf8 15. Qd4 h5 16. Bg5 exf5 17. Bxf6 gxf6 18. Qxf6 Rh7 19. Rad1 Bd7 20. Qe7+ Kg8 21.
Rxd7 Qf4 22. Rd8+ Rxd8 23. Qxd8+ Kg7 24. Re8 Qd6 25. Qg5+ Qg6 26. Qxg6+ fxg6 27. Re7+ Kh6 28. Rxh7+ Kxh7 29. Kxh2 1-0

[Event "*** Titled Tuesday Blitz"]
[Site "Chess.com"]
[Date "2020.04.14"]
[Round "5"]
[White "MokshAD1603"]
[Black "GM4life"]
[Result "0-1"]
[WhiteElo "2327"]
[BlackElo "2187"]
[TimeControl "180+1"]
[EndTime "10:48:44 PDT"]
[Termination "GM4life won by resignation"]

1. d4 Nf6 2. c4 g6 3. f3 Bg7 4. e4 d6 5. Nc3 O-O 6. Nge2 a6 7. Be3 Nbd7 8. Qd2 c5 9. d5 Ne5 10. Ng3 h5 11. Be2 h4 12. Nf1 h3 13. g3 b5 14. cxb5 axb5 15. Nxb5 Ba6 16. Nc3 Qb6 17. Rb1 Rfb8 18. Kf2 Nc4 19. Bxc4 Bxc4 20.
a3 Nd7 21. g4 Qb3 22. Ng3 Ne5 23. Rhd1 Nd3+ 24. Kg1 Nxb2 25. Nce2 Qxa3 26. Rdc1 Bd3 27. Ra1 Qxa1 28. Rxa1 Rxa1+ 29. Kf2 Nd1+ 0-1

[Event "*** Titled Tuesday Blitz"]
[Site "Chess.com"]
[Date "2020.04.14"]
[Round "5"]
[White "davigator"]
[Black "bracuarta"]
[Result "1-0"]
[WhiteElo "2363"]
[BlackElo "2196"]
[TimeControl "180+1"]
[EndTime "10:48:52 PDT"]
[Termination "davigator won on time"]

1. e4 c5 2. Nf3 e6 3. d4 cxd4 4. Nxd4 a6 5. Nc3 Qc7 6. a3 b5 7. f4 Bb7 8. Bd3 Bc5 9. Nb3 Bb6 10. Qg4 Kf8 11. Bd2 Nf6 12. Qh4 d6 13. O-O-O Nc6 14. Rhf1 b4 15. axb4 Nxb4 16. Kb1 Rc8 17. f5 e5 18. g4 Nxd3 19. cxd3 Bc6 20. g5 Nd7 21. f6 g6 22. Qh6+ Ke8 23. Qg7 Rf8 24. Rc1 Qa7 25. Nd5 Bb7 26. Rxc8+ Bxc8 27. Rc1 Bb7 28.
Qxh7 Bxd5 29. Rc8+ Bd8 30. exd5 1-0

[Event "*** Titled Tuesday Blitz"]
[Site "Chess.com"]
[Date "2020.04.14"]
[Round "5"]
[White "silverback96"]
[Black "Mikhail_Biryukov"]
[Result "0-1"]
[WhiteElo "2210"]
[BlackElo "2596"]
[TimeControl "180+1"]
[EndTime "10:48:53 PDT"]
[Termination "Mikhail_Biryukov won by resignation"]

1. d4 Nf6 2. c4 e6 3. g3 d5 4. Bg2 dxc4 5. Nf3 Bb4+ 6. Bd2 c5 7. Bxb4 cxb4 8. Ne5 O-O 9. Nxc4 Nc6 10. e3 e5 11.
dxe5 Qxd1+ 12. Kxd1 Ng4 13. Ke2 Ngxe5 14. Nxe5 Nxe5 15.
Rc1 Bg4+ 16. f3 Bd7 17. Nd2 Bb5+ 18. Kd1 Rfd8 19. Rc5 Nc4 20. Rxc4 Bxc4 21. Ke1 Ba6 22. Nb3 Rd3 23. Kf2 Rc8 24. Bf1 Rc2+ 25. Kg1 Rxe3 26.
Bxa6 bxa6 27. Rd1 g6 0-1

[Event "*** Titled Tuesday Blitz"]
[Site "Chess.com"]
[Date "2020.04.14"]
[Round "5"]
[White "trickytock"]
[Black "AyMitecK"]
[Result "1-0"]
[WhiteElo "2517"]
[BlackElo "2317"]
[TimeControl "180+1"]
[EndTime "10:48:55 PDT"]
[Termination "trickytock won by checkmate"]

1. d4 Nf6 2. c4 e6 3. Nf3 c5 4.
d5 exd5 5. cxd5 d6 6. e4 g6 7. Bd3 Bg7 8. h3 O-O 9. O-O b5 10. Bxb5 Nxe4 11. Re1 a6 12. Bf1 Re8 13. Na3 Nd7 14. Bd3 Nef6 15. Rxe8+ Nxe8 16. Bg5 Qc7 17. Nc4 Nb6 18. Qd2 Nxc4 19. Bxc4 Rb8 20. Re1 Nf6 21.
Qf4 Nh5 22. Re8+ Bf8 23. Bh6 Ng7 24. Qf6 Bxh3 25. Qxg7# 1-0

[Event "*** Titled Tuesday Blitz"]
[Site "Chess.com"]
[Date "2020.04.14"]
[Round "5"]
[White "KoustavChatterjee1"]
[Black "jefferyx"]
[Result "0-1"]
[WhiteElo "2719"]
[BlackElo "2886"]
[TimeControl "180+1"]
[EndTime "10:48:56 PDT"]
[Termination "jefferyx won by resignation"]

1. d4 Nf6 2. c4 c5 3. Nf3 cxd4 4. Nxd4 e6 5. Nc3 d5 6. cxd5 Nxd5 7. Bd2 Nf6 8. Nf3 b6 9. e4 Bb7 10. e5 Nd5 11. Bb5+ Nd7 12. O-O Be7 13. Ne4 O-O 14.
Re1 Nc5 15. Nxc5 Bxc5 16. Qe2 Nb4 17. Rad1 Nc2 18. Rf1 Bxf3 19. Qxf3 Nd4 20. Qd3 Nxb5 21. Qxb5 Qd5 22. Qe2 Qxa2 23. Qg4 Qxb2 24. Rfe1 Rfd8 25. Bh6 Qxf2+ 26. Kh1 Bf8 0-1

[Event "*** Titled Tuesday Blitz"]
[Site "Chess.com"]
[Date "2020.04.14"]
[Round "5"]
[White "TregubovP"]
[Black "Shivagami"]
[Result "1-0"]
[WhiteElo "2499"]
[BlackElo "2146"]
[TimeControl "180+1"]
[EndTime "10:48:56 PDT"]
[Termination "TregubovP won by resignation"]

1. e4 e5 2. Nf3 Nc6 3. Bc4 Nf6 4. d4 exd4 5. e5 d5 6. Bb5 Ne4 7. Nxd4 Bc5 8. O-O O-O 9. Nxc6 bxc6 10. Bxc6 Ba6 11.
Qxd5 Bxf1 12. Bxa8 Qh4 13. g3 Bxf2+ 14. Kxf1 Qh3+ 15.
Ke2 Qg4+ 16. Kd3 Qf3+ 17. Kc4 Qe2+ 18. Qd3 Nd6+ 19. exd6 Qe6+ 20. Bd5 Qxd6 21. Bxf7+ 1-0

[Event "*** Titled Tuesday Blitz"]
[Site "Chess.com"]
[Date "2020.04.14"]
[Round "5"]
[White "ARMQUEEN"]
[Black "DrBergerBerger"]
[Result "0-1"]
[WhiteElo "2248"]
[BlackElo "2505"]
[TimeControl "180+1"]
[EndTime "10:48:57 PDT"]
[Termination "DrBergerBerger won by resignation"]

1. e4 e6 2. d4 d5 3. Bd3 c5 4.
exd5 exd5 5. c3 Nf6 6. Nf3 c4 7. Bc2 Bg4 8. O-O Be7 9. Bf4 O-O 10. Nbd2 Nc6 11. h3 Bh5 12. b3 b5 13. Qb1 Bd6 14. Bg5 Re8 15. a4 Rb8 16. Bxh7+ Kf8 17. Bc2 b4 18. Re1 bxc3 19. Nf1 Bxf3 20. Rxe8+ Qxe8 21. Bxf6 gxf6 22. gxf3 Nxd4 23. Qc1 Ne2+ 0-1

[Event "*** Titled Tuesday Blitz"]
[Site "Chess.com"]
[Date "2020.04.14"]
[Round "5"]
[White "goofypenguin96"]
[Black "MrChampion_Coach"]
[Result "0-1"]
[WhiteElo "2104"]
[BlackElo "2339"]
[TimeControl "180+1"]
[EndTime "10:49:00 PDT"]
[Termination "MrChampion_Coach won on time"]

1. e4 c5 2. d4 cxd4 3. c3 Nf6 4. e5 Nd5 5. cxd4 Nc6 6. Nf3 d6 7. Bc4 Nb6 8. Bxf7+ Kxf7 9. Ng5+ Kg8 10. Qf3 Qe8 11.
e6 g6 12. O-O Bg7 13. Bf4 Bf6 14. Nf7 Bxe6 15. Nxh8 Kxh8 16. Bh6 Nxd4 17. Qd3 Bf5 18. Qd2 Nc4 19. Qb4 Rc8 20. Na3 a5 21. Qa4 Qxa4 0-1

[Event "*** Titled Tuesday Blitz"]
[Site "Chess.com"]
[Date "2020.04.14"]
[Round "5"]
[White "GMAkobianSTL"]
[Black "stoleriu"]
[Result "1-0"]
[WhiteElo "2763"]
[BlackElo "2471"]
[TimeControl "180+1"]
[EndTime "10:49:02 PDT"]
[Termination "GMAkobianSTL won by resignation"]

1. d4 e6 2. c4 Nf6 3. Nc3 Bb4 4.
Qc2 O-O 5. Nf3 b6 6. Bg5 h6 7. Bh4 Bb7 8. e3 d6 9. Bd3 Nbd7 10. O-O Bxc3 11. bxc3 e5 12. Nd2 Qe8 13. f3 Qe6 14. Rae1 g6 15. f4 e4 16. Be2 Nh7 17. f5 gxf5 18.
Rf4 Kh8 19. Ref1 Rg8 20. Rxf5 Raf8 21. g3 Ng5 22. d5 Qg6 23. Bxg5 hxg5 24. Nxe4 Rg7 25.
Rxg5 Qxg5 26. Nxg5 Rxg5 27. Rf5 Rxf5 28. Qxf5 Ne5 29. Bd3 Ng6 30. Qf6+ Kh7 31. Bxg6+ 1-0

[Event "*** Titled Tuesday Blitz"]
[Site "Chess.com"]
[Date "2020.04.14"]
[Round "5"]
[White "ClassyEl"]
[Black "claudyna16"]
[Result "1-0"]
[WhiteElo "2714"]
[BlackElo "2534"]
[TimeControl "180+1"]
[EndTime "10:49:03 PDT"]
[Termination "ClassyEl won by resignation"]

1. d4 Nf6 2. Bg5 d5 3. Bxf6 exf6 4. e3 Bd6 5. c4 c6 6. cxd5 cxd5 7. Nc3 Be6 8. g3 Nc6 9. Bg2 Bb4 10. Ne2 O-O 11.
O-O Ne7 12. Qb3 Bxc3 13. Nxc3 b6 14. Rfc1 Qd7 15. Qb5 Qd6 16. Qa6 Qd7 17. a3 Rfc8 18. Nb5 Nc6 19. Rc3 Na5 20. Rac1 Rc4 21. Rxc4 dxc4 22. Bxa8 Nb3 23. Re1 h5 24. h4 Bg4 25. Nc3 Nd2 26. Qb7 Qf5 27. Qb8+ Kh7 28. Qf4 Qc2 29. Be4+ 1-0

[Event "*** Titled Tuesday Blitz"]
[Site "Chess.com"]
[Date "2020.04.14"]
[Round "5"]
[White "Hikaru"]
[Black "Disturbed01"]
[Result "1-0"]
[WhiteElo "3242"]
[BlackElo "2674"]
[TimeControl "180+1"]
[EndTime "10:49:06 PDT"]
[Termination "Hikaru won by resignation"]

1. e4 c5 2. Nf3 Nc6 3. Bb5 d6 4. d4 cxd4 5. Qxd4 Bd7 6. Bxc6 Bxc6 7. Nc3 Nf6 8. Bg5 e6 9. O-O-O Be7 10. Qd3 O-O 11.
Nd4 Qa5 12. f4 Rac8 13. Kb1 a6 14. f5 e5 15. Bxf6 Bxf6 16. Nf3 Rfd8 17. g4 Be7 18. g5 d5 19. Nxd5 Bxd5 20. exd5 Bd6 21. Nd2 b5 22. Ne4 Rc4 23. g6 fxg6 24. fxg6 h6 25. Rhf1 Rd4 26. Qh3 Rxd1+ 27. Rxd1 Qc7 28. Qe6+ Kh8 29. Ng5 1-0

[Event "*** Titled Tuesday Blitz"]
[Site "Chess.com"]
[Date "2020.04.14"]
[Round "5"]
[White "Imre91"]
[Black "Frolyanov_D"]
[Result "0-1"]
[WhiteElo "2593"]
[BlackElo "2776"]
[TimeControl "180+1"]
[EndTime "10:49:07 PDT"]
[Termination "Frolyanov_D won by resignation"]

1. d4 Nf6 2. Bg5 e6 3. e4 h6 4.
Bxf6 Qxf6 5. Nc3 d6 6. Qd2 g6 7. O-O-O Bg7 8. f4 a6 9. Nf3 b5 10. e5 Qe7 11. h4 h5 12. Bd3 Bb7 13. Be4 d5 14. Bd3 Nd7 15. Ne2 c5 16. dxc5 Nxc5 17. Ned4 Ne4 18. Qe3 Rc8 19. Ng5 Nc5 20. Nb3 Nxb3+ 21.
axb3 Qc5 22. Qe2 Bh6 23. g4 hxg4 24. Qxg4 Bxg5 25. Qxg5 Qe7 26. b4 d4 27. Qxe7+ Kxe7 28. Rh2 Rh6 29. Be2 Be4 30. Bg4 Rxh4 31. Rxh4 Rxc2+ 32. Kb1 Rh2+ 0-1

[Event "*** Titled Tuesday Blitz"]
[Site "Chess.com"]
[Date "2020.04.14"]
[Round "5"]
[White "AlleyOoper"]
[Black "JakubPulpan"]
[Result "1-0"]
[WhiteElo "2604"]
[BlackElo "2750"]
[TimeControl "180+1"]
[EndTime "10:49:07 PDT"]
[Termination "AlleyOoper won by resignation"]

1. d4 Nf6 2. Bf4 d5 3. e3 c5 4. Nf3 e6 5. Nbd2 Nc6 6. c3 Be7 7. h3 Bd6 8. Bxd6 Qxd6 9. Bd3 O-O 10. O-O b6 11. dxc5 Qxc5 12. e4 Bb7 13. e5 Nd7 14.
Qe2 Rfe8 15. Nb3 Qe7 16. Nbd4 Nc5 17. Bc2 Nxd4 18. Nxd4 Ba6 19. Nb5 Rad8 20. a4 d4 21. cxd4 Rxd4 22. Bxh7+ Kxh7 23. Qh5+ Kg8 24. Nxd4 Bxf1 25.
Rxf1 Nxa4 26. Nf3 g6 27. Qh6 Qf8 28. Qh4 Nc5 29. b4 Nd7 30. Rd1 Nb8 31. Ng5 Qg7 32. Ne4 1-0

[Event "*** Titled Tuesday Blitz"]
[Site "Chess.com"]
[Date "2020.04.14"]
[Round "5"]
[White "Gahan-MG"]
[Black "GukeshDommaraju"]
[Result "1/2-1/2"]
[WhiteElo "2528"]
[BlackElo "2695"]
[TimeControl "180+1"]
[EndTime "10:49:08 PDT"]
[Termination "Game drawn by repetition"]

1. e4 c5 2. c3 Nf6 3. e5 Nd5 4. d4 e6 5. Nf3 cxd4 6. cxd4 d6 7. a3 Nc6 8. Bd3 Be7 9. O-O O-O 10. Qe2 Bd7 11.
Qe4 f5 12. exf6 Nxf6 13. Qh4 h6 14. Nc3 Qe8 15. Re1 Qf7 16. Be3 Rac8 17. Rad1 a6 18. Ne4 Nd5 19. Qg3 Nf4 20. Bb1 Kh8 21. Bxf4 Qxf4 22.
Qg6 Qf5 23. Qg3 Qf4 24. Qg6 Qf7 25. Qg3 Qf4 1/2-1/2

[Event "*** Titled Tuesday Blitz"]
[Site "Chess.com"]
[Date "2020.04.14"]
[Round "5"]
[White "mjray79"]
[Black "arctic_t00"]
[Result "0-1"]
[WhiteElo "2248"]
[BlackElo "2487"]
[TimeControl "180+1"]
[EndTime "10:49:09 PDT"]
[Termination "arctic_t00 won by resignation"]

1. d4 Nf6 2. c4 g6 3. Nc3 Bg7 4. e4 d6 5. Nge2 Nbd7 6. Ng3 e5 7. d5 h5 8. h4 Bh6 9. Bxh6 Rxh6 10. Qd2 Rh8 11. b4 a5 12. Rb1 axb4 13. Rxb4 Nc5 14. Be2 Qe7 15. a4 b6 16. O-O Ng4 17. Nb5 Qxh4 18. Ra1 Nxe4 19. Nxc7+ Kf8 20. Qe3 Qh2+ 21. Kf1 Nxe3+ 0-1

[Event "*** Titled Tuesday Blitz"]
[Site "Chess.com"]
[Date "2020.04.14"]
[Round "5"]
[White "Anna_ChessMate"]
[Black "SantoBlue"]
[Result "0-1"]
[WhiteElo "2611"]
[BlackElo "2801"]
[TimeControl "180+1"]
[EndTime "10:49:10 PDT"]
[Termination "SantoBlue won by resignation"]

1. d4 Nf6 2. c4 g6 3. g3 Bg7 4. Bg2 O-O 5. Nc3 d6 6. Nf3 Nc6 7. O-O a6 8. Qd3 Rb8 9. e4 e5 10. d5 Ne7 11. h3 Nd7 12. b4 h6 13. Be3 f5 14. exf5 gxf5 15. Nd2 f4 16. gxf4 exf4 17. Bd4 Ne5 18. Bxe5 Bxe5 19. Be4 Nf5 20. Nf3 Bg7 21. Rfe1 Qf6 22. Rac1 Bd7 23. Ne2 Nh4 24. Kh2 Rbe8 25.
Rg1 Rxe4 26. Qxe4 Re8 27. Qd3 Bf5 28. Rxg7+ Kxg7 0-1

[Event "*** Titled Tuesday Blitz"]
[Site "Chess.com"]
[Date "2020.04.14"]
[Round "5"]
[White "kinga2008"]
[Black "Usurpov"]
[Result "1-0"]
[WhiteElo "2224"]
[BlackElo "2418"]
[TimeControl "180+1"]
[EndTime "10:49:11 PDT"]
[Termination "kinga2008 won by resignation"]

1. e4 c5 2. Nf3 e6 3. c3 d5 4.
exd5 exd5 5. d4 a6 6. Be3 c4 7.
Be2 Bd6 8. b3 cxb3 9. axb3 Ne7 10. O-O O-O 11. c4 Nbc6 12. c5 Bc7 13. Bd3 Re8 14.
Ng5 h6 15. Qh5 hxg5 16. Qh7+ Kf8 17. Bxg5 f6 18. Bxf6 gxf6 19. Qh6+ Kf7 20. Qh5+ Ke6 21. Re1+ Ne5 22. dxe5 Rh8 23. exf6+ Kd7 24. Rxe7+ Kc6 25. Qe2 Bxh2+ 26. Kf1 Be5 27. Qxe5 1-0

[Event "*** Titled Tuesday Blitz"]
[Site "Chess.com"]
[Date "2020.04.14"]
[Round "5"]
[White "FannyDuarteNapoles"]
[Black "algatar2020"]
[Result "1-0"]
[WhiteElo "2285"]
[BlackElo "1876"]
[TimeControl "180+1"]
[EndTime "10:49:12 PDT"]
[Termination "FannyDuarteNapoles won by resignation"]

1. c4 c6 2. Nc3 d5 3. cxd5 cxd5 4.
d4 Nc6 5. Bf4 Nf6 6. e3 Qb6 7. Rb1 Bf5 8. Bd3 Bxd3 9. Qxd3 e6 10. Nf3 Be7 11. O-O O-O 12. a3 Rac8 13. b4 Qd8 14.
Na4 Bd6 15. Bg3 Bxg3 16. hxg3 b6 17. Rfc1 Ne4 18. Qa6 h6 19. b5 Na5 20. Qxa7 Rxc1+ 21.
Rxc1 Qe8 22. Qxb6 Nc4 23. Qc6 Qe7 24. Nc5 Nxa3 25. Nxe4 dxe4 26. Ne5 Rb8 27. b6 Qb4 28. Nd7 Rd8 29. b7 Qb2 30. Qc8 1-0

[Event "*** Titled Tuesday Blitz"]
[Site "Chess.com"]
[Date "2020.04.14"]
[Round "5"]
[White "Chess2019Player"]
[Black "Everyfishknows"]
[Result "0-1"]
[WhiteElo "2189"]
[BlackElo "2358"]
[TimeControl "180+1"]
[EndTime "10:49:13 PDT"]
[Termination "Everyfishknows won by resignation"]

1. e4 e5 2. Nf3 Nc6 3. Bb5 a6 4. Ba4 Nf6 5. O-O Be7 6. c3 Nxe4 7. Re1 Nc5 8. Bxc6 dxc6 9. Nxe5 O-O 10. d4 Nd7 11.
Nxd7 Bxd7 12. Nd2 c5 13. dxc5 Bxc5 14. Ne4 Be7 15. Bf4 Bc6 16. Qc2 Qd7 17. Rad1 Qf5 18. Bxc7 Rfe8 19. f3 Bc5+ 20. Kh1 Ba7 21. Bg3 Rad8 22.
Rxd8 Rxd8 23. Qe2 Re8 24. Nf6+ gxf6 25. Qxe8+ Bxe8 26. Rxe8+ Kg7 0-1

[Event "*** Titled Tuesday Blitz"]
[Site "Chess.com"]
[Date "2020.04.14"]
[Round "5"]
[White "KarstenHansch"]
[Black "Triumphmate"]
[Result "1-0"]
[WhiteElo "2438"]
[BlackElo "2584"]
[TimeControl "180+1"]
[EndTime "10:49:17 PDT"]
[Termination "KarstenHansch won on time"]

1. e4 d5 2. exd5 Nf6 3. d4 Bg4 4. Be2 Bxe2 5. Qxe2 Qxd5 6. Nf3 Nc6 7. Nc3 Qd7 8. O-O e6 9. Bg5 Be7 10. Bxf6 gxf6 11.
Rad1 O-O-O 12. d5 Ne5 13. Nxe5 fxe5 14. Qxe5 Bd6 15. Qf6 Rhg8 16. g3 h5 17. dxe6 fxe6 18. Ne4 Rdf8 19. Qd4 h4 20. Qxa7 Kd8 21. Nc5 1-0

[Event "*** Titled Tuesday Blitz"]
[Site "Chess.com"]
[Date "2020.04.14"]
[Round "5"]
[White "harvsp123"]
[Black "HarutyunianTigranK"]
[Result "0-1"]
[WhiteElo "2539"]
[BlackElo "2715"]
[TimeControl "180+1"]
[EndTime "10:49:18 PDT"]
[Termination "HarutyunianTigranK won by resignation"]

1. e4 e5 2. Nf3 Nc6 3. Bb5 a6 4. Ba4 Nf6 5. O-O Bc5 6. c3 b5 7. Bb3 d6 8. a4 Rb8 9. d4 Bb6 10. a5 Ba7 11. Be3 O-O 12. h3 h6 13. dxe5 Bxe3 14. exf6 Ba7 15. fxg7 Kxg7 16. Qd5 Ne7 17. Qh5 Ng6 18. Nd4 Bxd4 19. cxd4 f5 20. e5 Bb7 21. f4 dxe5 22. dxe5 Qd4+ 23. Rf2 Nxf4 24. Qd1 Nd3 0-1

[Event "*** Titled Tuesday Blitz"]
[Site "Chess.com"]
[Date "2020.04.14"]
[Round "5"]
[White "nocnypako"]
[Black "crazy_but_lazy"]
[Result "1-0"]
[WhiteElo "2594"]
[BlackElo "2404"]
[TimeControl "180+1"]
[EndTime "10:49:20 PDT"]
[Termination "nocnypako won by resignation"]

1. d4 Nf6 2. c4 e6 3. Nc3 Bb4 4. e3 O-O 5. Ne2 Re8 6. a3 Bf8 7.
d5 exd5 8. cxd5 a6 9. a4 a5 10. Nf4 Na6 11. Be2 d6 12. O-O Nb4 13. f3 g6 14. e4 Bg7 15. g3 c6 16. Re1 Qb6+ 17. Kg2 cxd5 18. Ncxd5 Nfxd5 19. Nxd5 Nxd5 20. Qxd5 Be6 21. Qb5 Qxb5 22. Bxb5 Rec8 23. Re2 d5 24. exd5 Bxd5 25. Bf4 Bc4 26. Bxc4 Rxc4 27. Rae1 h5 28. b3 Rb4 29. Re3 Rc8 30. Bd6 Bf6 31.
Bxb4 axb4 32. Re8+ Rxe8 33. Rxe8+ Kg7 34. Rb8 1-0

[Event "*** Titled Tuesday Blitz"]
[Site "Chess.com"]
[Date "2020.04.14"]
[Round "5"]
[White "dcann0n88"]
[Black "Gandrade2"]
[Result "1-0"]
[WhiteElo "2302"]
[BlackElo "2021"]
[TimeControl "180+1"]
[EndTime "10:49:20 PDT"]
[Termination "dcann0n88 won by resignation"]

1. e4 c5 2. Nf3 g6 3. d4 cxd4 4. Qxd4 Nf6 5. e5 Nc6 6. Qa4 Nd5 7. Qe4 Nb6 8. Nc3 Bg7 9. Bf4 d5 10. exd6 Bf5 11. Qe3 O-O 12. O-O-O exd6 13. Rxd6 Qc8 14.
Bd3 Bxd3 15. Qxd3 Nb4 16. Qe4 Bxc3 17. bxc3 Qxc3 18. Be5 Nxa2+ 19. Kb1 Qb4+ 20. Qxb4 Nxb4 21. Bd4 Nc4 22. Rd7 Rfd8 23. Rxb7 Nd2+ 24. Nxd2 Rxd4 25. Nf3 Rdd8 26. Rxb4 1-0

[Event "*** Titled Tuesday Blitz"]
[Site "Chess.com"]
[Date "2020.04.14"]
[Round "5"]
[White "ChessQueen"]
[Black "Azerichess"]
[Result "0-1"]
[WhiteElo "2805"]
[BlackElo "3013"]
[TimeControl "180+1"]
[EndTime "10:49:21 PDT"]
[Termination "Azerichess won by resignation"]

1. e4 c6 2. Nc3 d5 3. Nf3 Bg4 4.
h3 Bxf3 5. Qxf3 e6 6. g3 Bc5 7.
Bg2 Nd7 8. O-O Ngf6 9. d3 O-O 10. Kh2 a5 11. Qe2 dxe4 12. Nxe4 Nxe4 13. dxe4 e5 14.
Bd2 Qb6 15. Bc3 Bb4 16. Qc4 Rfd8 17. a3 Bxc3 18. Qxc3 Qc5 19. Qxc5 Nxc5 20. Rad1 Na4 21. b3 Nc3 22. Rc1 Rd2 23. Bf3 a4 24. Kg2 Kf8 25.
Rfe1 Nb5 26. c4 Nxa3 27. bxa4 Rxa4 28. Ra1 Nc2 29. Rxa4 Nxe1+ 0-1

[Event "*** Titled Tuesday Blitz"]
[Site "Chess.com"]
[Date "2020.04.14"]
[Round "5"]
[White "vlad_Sid"]
[Black "Fandorine"]
[Result "0-1"]
[WhiteElo "2648"]
[BlackElo "2910"]
[TimeControl "180+1"]
[EndTime "10:49:24 PDT"]
[Termination "Fandorine won by checkmate"]

1. c4 g6 2. g3 Bg7 3. Bg2 Nc6 4. Nc3 e5 5. Nf3 d6 6. O-O Nge7 7. Rb1 Be6 8. d3 h6 9. b4 O-O 10. b5 Nb8 11. Nd2 Qc8 12. Re1 Nd7 13. Qc2 f5 14. a4 Rb8 15. Nd5 Nxd5 16. cxd5 Bf7 17. Bb2 Nf6 18.
e4 Qd7 19. Rbc1 Rbc8 20. d4 exd4 21. Bxd4 fxe4 22. Nxe4 Nxe4 23. Bxg7 Kxg7 24. Qxe4 b6 25. Qd4+ Kg8 26. Qh4 h5 27. Bh3 Qd8 28. Bxc8 Qxc8 29.
Re7 Qf5 30. Rcxc7 Qb1+ 31. Kg2 Bxd5+ 32. f3 Bxf3+ 33. Kf2 Be4+ 34. Ke3 Qd3# 0-1